[Event "*** Titled Tuesday Blitz"]
[Site "Chess.com"]
[Date "2019.02.05"]
[Round "5"]
[White "wadsy27"]
[Black "MatsenkoSergey"]
[Result "1/2-1/2"]
[WhiteElo "2314"]
[BlackElo "2690"]
[TimeControl "180+2"]
[EndTime "14:06:40 PST"]
[Termination "Game drawn by agreement"]

1. c4 Nf6 2. g3 c5 3. Bg2 e6 4.
Nf3 d5 5. O-O dxc4 6. Na3 Nc6 7.
Nxc4 Be7 8. a4 O-O 9. a5 Bd7 10. d3 Nd5 11. Bd2 Rc8 12. Qb3 Ndb4 13. Nce5 Be8 14.
Rfc1 Bd6 15. Nxc6 Bxc6 16. Bxb4 cxb4 17. a6 Bd5 18. Qa4 Bc6 19. Qd1 Qb6 20. axb7 Bxb7 21. Nd2 Bxg2 22. Kxg2 Be5 23. Nc4 Rxc4 24. Rxc4 Bxb2 25.
Rb1 Bf6 26. Rbxb4 Qa5 27. Qa4 Qd5+ 28. Kg1 Qe5 29. Rc2 h5 30. Qxa7 h4 31. Re4 Qd5 32. Qc5 hxg3 33. hxg3 Qb3 34. Kg2 Ra8 35. Rc1 Qb2 36.
Rh1 g6 37. Qc6 Rb8 38. Rf4 Kg7 39. Qc7 Rf8 40. e4 Be5 41. Qc1 Qxc1 42. Rxc1 Bxf4 43. gxf4 Rd8 44. Rc3 Kf6 45. Kf3 g5 46. fxg5+ Kxg5 47. Ke3 e5 48. Rc5 Kf6 49. Rc6+ Kg5 50. Rc5 Kf6 51.
Rd5 Ra8 52. f4 exf4+ 53. Kxf4 Ke6 54. Rb5 Rd8 55. Rb6+ Ke7 56. Ke3 f6 57. d4 Rh8 58.
d5 Rh1 59. Re6+ Kf7 60. Kd4 Rc1 61. Ra6 Ke7 62. Ra7+ Kd6 63. Ra6+ Ke7 64. Rc6 Rxc6 65. dxc6 Kd6 66. c7 1/2-1/2

[Event "*** Titled Tuesday Blitz"]
[Site "Chess.com"]
[Date "2019.02.05"]
[Round "5"]
[White "Satscho"]
[Black "Jbd735"]
[Result "0-1"]
[WhiteElo "2303"]
[BlackElo "2464"]
[TimeControl "180+2"]
[EndTime "14:06:41 PST"]
[Termination "Jbd735 won by resignation"]

1. e4 e5 2. Nf3 Nc6 3. Bc4 Bc5 4. c3 Nf6 5. d3 a6 6. h3 h6 7. Nbd2 O-O 8. Bb3 Ba7 9. Nf1 Re8 10. g4 Na5 11.
Bc2 d5 12. Qe2 Nh7 13. Ng3 Nc6 14. Nf5 Be6 15. Rg1 b5 16. b3 Nf8 17. h4 b4 18.
c4 dxe4 19. dxe4 Kh8 20. h5 f6 21. N3h4 Nd4 22. Nxd4 Qxd4 23. Rb1 Qc3+ 24. Kf1 Qh3+ 25.
Ng2 Bxg4 26. Qd3 Qxh5 27. Ne3 Rad8 28. Nd5 c6 29. Qg3 Bh3+ 30. Ke1 Ne6 31. Nc7 Re7 32. Nxe6 Bxe6 33. Be3 Bxe3 34. Qxe3 Red7 35. Rg3 Qh1+ 36. Ke2 Qh5+ 37. Kf1 Rd2 38. Rc1 Qh1+ 39. Rg1 Bh3+ 40. Qxh3 Qxh3+ 0-1

[Event "*** Titled Tuesday Blitz"]
[Site "Chess.com"]
[Date "2019.02.05"]
[Round "5"]
[White "x-3738459472"]
[Black "Ali_rastbod"]
[Result "0-1"]
[WhiteElo "2509"]
[BlackElo "2653"]
[TimeControl "180+2"]
[EndTime "14:06:45 PST"]
[Termination "Ali_rastbod won by resignation"]

1. e4 Nc6 2. Nf3 g6 3. d4 Bg7 4. d5 Nb8 5. Bc4 d6 6. O-O Nf6 7. Re1 O-O 8. Nbd2 c6 9. Nf1 Bg4 10. h3 Bxf3 11. Qxf3 Nbd7 12. Bb3 Nc5 13. dxc6 bxc6 14.
e5 dxe5 15. Qxc6 Rc8 16. Qf3 Nxb3 17. Qxb3 Qc7 18. c3 e6 19. Ne3 Rfd8 20. Ng4 Nd5 21.
Bh6 Bxh6 22. Nxh6+ Kg7 23. Ng4 f6 24. Qa3 Nf4 25. Rad1 h5 26. Ne3 Nd3 27. Re2 e4 28.
Red2 f5 29. Nc2 e5 30. Nb4 Qe7 31. Nxd3 Qxa3 32. bxa3 Rxd3 33. Rxd3 exd3 34. Rxd3 Kf6 35. Rd6+ Kg5 36. Ra6 Rxc3 37. Rxa7 Rc1+ 38. Kh2 Rc2 39. f3 Rxa2 40. Ra5 Kf4 41. h4 e4 42.
fxe4 fxe4 43. Ra6 e3 44. Rxg6 Rxa3 45. Re6 Ra4 46. Kg1 Re4 47. Rxe4+ Kxe4 48. Kf1 Kd3 49. Ke1 e2 50. g3 Ke3 0-1

[Event "*** Titled Tuesday Blitz"]
[Site "Chess.com"]
[Date "2019.02.05"]
[Round "5"]
[White "Alexander_Donchenko"]
[Black "ChessWarrior7197"]
[Result "0-1"]
[WhiteElo "2671"]
[BlackElo "2877"]
[TimeControl "180+2"]
[EndTime "14:06:45 PST"]
[Termination "ChessWarrior7197 won by resignation"]

1. Nf3 Nf6 2. g3 d5 3. Bg2 Bf5 4. O-O c6 5. d3 e6 6. Nh4 Bg6 7. Nxg6 hxg6 8. Nc3 Be7 9. e4 O-O 10. Qe2 Na6 11. a3 Nc7 12. h4 d4 13. Nb1 e5 14. Bh3 c5 15. Bg5 Nh5 16. Bxe7 Qxe7 17. Nd2 Ne6 18. Nc4 b5 19. Nd2 a6 20. a4 Nhf4 21.
gxf4 Nxf4 22. Qf3 Qxh4 23. Kh2 f5 24. Qg3 Qh6 25. Rad1 Rf6 26. Nf3 fxe4 27. Nxe5 Nh5 28. Qg4 Re8 29. f4 Nxf4 30. Nxg6 Nxh3 31. Qxh3 Rxg6 32.
dxe4 Rxe4 33. Qxh6 gxh6 34. Rd3 Re2+ 35. Kh1 Rxc2 36.
axb5 axb5 37. b4 cxb4 38. Rxd4 b3 39. Rd8+ Kh7 40. Rd7+ Rg7 41. Rd3 b2 42. Rdd1 Rgc7 43. Rd2 Rxd2 0-1

[Event "*** Titled Tuesday Blitz"]
[Site "Chess.com"]
[Date "2019.02.05"]
[Round "5"]
[White "ecwinslow"]
[Black "CzechmVIII"]
[Result "0-1"]
[WhiteElo "2011"]
[BlackElo "2118"]
[TimeControl "180+2"]
[EndTime "14:06:45 PST"]
[Termination "CzechmVIII won by resignation"]

1. d4 Nf6 2. c4 c5 3. d5 e6 4. Nc3 exd5 5. cxd5 d6 6. e4 g6 7. Nf3 a6 8. Bd3 Bg4 9. a4 Bg7 10. h3 Bxf3 11. Qxf3 O-O 12. O-O Nbd7 13. Bf4 Qc7 14. Rac1 Rfe8 15. Bb1 Rab8 16. Rfe1 b5 17. axb5 axb5 18. Qg3 Ne5 19. Bxe5 Rxe5 20. f4 Ree8 21.
e5 Nh5 22. Qf3 dxe5 23. f5 c4 24. Ne4 Nf4 25. Rcd1 gxf5 26. Ng3 e4 27. Qe3 Qb6 28. Nxf5 Qxe3+ 29. Rxe3 Bxb2 30. Bxe4 c3 31. Bc2 Rxe3 32. Nxe3 b4 33. Bb3 Ne2+ 34. Kf2 Nc1 35. Bc4 b3 36. d6 Ba3 37. d7 Rd8 38. Nf5 b2 39. Nh6+ Kg7 40.
Nxf7 Be7 41. Nxd8 Bxd8 42. Bd3 Nxd3+ 43. Rxd3 b1=Q 44. Rxc3 Qf5+ 45. Rf3 Qxd7 0-1

[Event "*** Titled Tuesday Blitz"]
[Site "Chess.com"]
[Date "2019.02.05"]
[Round "5"]
[White "Quiet_Desperation"]
[Black "DrVelja"]
[Result "0-1"]
[WhiteElo "2410"]
[BlackElo "2629"]
[TimeControl "180+2"]
[EndTime "14:06:47 PST"]
[Termination "DrVelja won by resignation"]

1. e4 c5 2. d4 cxd4 3. c3 dxc3 4. Nxc3 e6 5. Nf3 a6 6. Bc4 b5 7. Bb3 Bb7 8. O-O Bc5 9. Qe2 Ne7 10. Bg5 O-O 11. Rfd1 Nbc6 12. Rac1 h6 13. Bh4 Qb6 14.
e5 Nf5 15. Ne4 Ncd4 16. Nxd4 Bxd4 17. Bg3 Nxg3 18. Nxg3 Rac8 19. Nh5 Rc5 20. Rxc5 Qxc5 21. Nxg7 Qxe5 22. Qxe5 Bxe5 23. Nh5 d5 24. Rd2 Rc8 25. f4 Rc1+ 26. Kf2 Bd6 27. Rc2 Bc5+ 28. Kg3 Rxc2 29. Bxc2 Bd4 30. b3 Kf8 31. Kf3 Ke7 32. h3 f6 33. g4 e5 34. Ng7 e4+ 35. Ke2 Bc5 36. Nf5+ Ke6 37. Nxh6 d4 38. Nf5 d3+ 39. Bxd3 exd3+ 40. Kxd3 Bg2 41. h4 Bh3 42. b4 Bxb4 43. Nd4+ Kd5 44.
g5 fxg5 45. hxg5 Bf1+ 46. Ke3 Bc5 47. Kf2 Bxd4+ 48. Kxf1 Ke4 49. g6 Kxf4 0-1

[Event "*** Titled Tuesday Blitz"]
[Site "Chess.com"]
[Date "2019.02.05"]
[Round "5"]
[White "DoHoChess"]
[Black "SCIM"]
[Result "1-0"]
[WhiteElo "2614"]
[BlackElo "2407"]
[TimeControl "180+2"]
[EndTime "14:06:47 PST"]
[Termination "DoHoChess won by resignation"]

1. c4 g6 2. g3 Bg7 3. Bg2 c5 4. Nc3 Nc6 5. Nf3 Nf6 6. d4 cxd4 7. Nxd4 O-O 8. O-O Nxd4 9. Qxd4 d6 10. Qd3 a6 11.
Bd2 Qc7 12. Rac1 Be6 13. b3 Rac8 14. Qf3 Rb8 15. Bf4 Rfd8 16. Na4 Qa5 17. c5 Bd5 18.
Qc3 Qxc3 19. Nxc3 Bxg2 20. Kxg2 e5 21. Bg5 d5 22. Rfd1 d4 23. Na4 Rbc8 24. Bxf6 Bxf6 25. e3 h5 26. e4 Rc6 27. Rc4 Rdc8 28. Nb6 Rd8 29.
Nd5 Kg7 30. f4 Rdc8 31. fxe5 Bxe5 32. Ne7 R8c7 33. Nxc6 Rxc6 34. b4 b5 35. Rc2 Kf6 36.
Kf3 Ke6 37. Ke2 Rc8 38. Kd3 Rf8 39. a4 Rb8 40. axb5 Rxb5 41. Kc4 Rb8 42. Ra2 Ra8 43.
Ra5 Bc7 44. Ra4 Be5 45. Kd3 f5 46. exf5+ Kxf5 47. b5 Rb8 48. bxa6 Rb3+ 49. Ke2 Ke4 50. a7 Rb2+ 51. Kf1 Ke3 52. a8=Q 1-0

[Event "*** Titled Tuesday Blitz"]
[Site "Chess.com"]
[Date "2019.02.05"]
[Round "5"]
[White "ori99"]
[Black "Lord_Neezy"]
[Result "1/2-1/2"]
[WhiteElo "2031"]
[BlackElo "2176"]
[TimeControl "180+2"]
[EndTime "14:06:48 PST"]
[Termination "Game drawn by repetition"]

1. e4 e6 2. d4 d5 3. exd5 exd5 4.
Bd3 Nc6 5. Ne2 Bd6 6. Nbc3 Nge7 7. O-O O-O 8. Be3 Nb4 9. Ng3 Nxd3 10. Qxd3 Bxg3 11.
hxg3 Bf5 12. Qd2 Nc8 13. f3 c6 14. Kf2 Nd6 15. b3 Bg6 16. Rh1 Nf5 17. Ne2 Nxe3 18. Kxe3 Qg5+ 19. f4 Qf5 20. Rac1 Rfe8+ 21. Kf2 Bh5 22. Ng1 Bg4 23. Nf3 f6 24. Rhe1 h5 25. Nh4 Qd7 26. Rxe8+ Rxe8 27. Re1 Kf7 28. Re3 b6 29. Qe1 Rxe3 30. Qxe3 Qe6 31. Qd2 g6 32. Nf3 Bxf3 33. Kxf3 Qe4+ 34. Kf2 Ke6 35. c3 Kf5 36. c4 h4 37. cxd5 cxd5 38. a4 Kg4 39. Qd1+ Kf5 40. Qd2 Kg4 41. Qd1+ Kf5 42. Qd2 1/2-1/2

[Event "*** Titled Tuesday Blitz"]
[Site "Chess.com"]
[Date "2019.02.05"]
[Round "5"]
[White "Kumi29"]
[Black "AndrBaryshpolets"]
[Result "0-1"]
[WhiteElo "2408"]
[BlackElo "2614"]
[TimeControl "180+2"]
[EndTime "14:06:48 PST"]
[Termination "AndrBaryshpolets won by checkmate"]

1. d4 d5 2. Nc3 Nf6 3. Bf4 a6 4.
e3 e6 5. g4 b5 6. g5 Nfd7 7.
Nf3 Bb7 8. h4 c5 9. h5 Nc6 10.
Bh3 g6 11. hxg6 hxg6 12. Nxd5 Rxh3 13. Rxh3 exd5 14. Rh8 Qe7 15. a4 b4 16. dxc5 Qxc5 17. Nd4 O-O-O 18. Nxc6 Qxc6 19. Qe2 b3 20. c3 Nb6 21.
Qg4+ Qd7 22. Qxd7+ Kxd7 23. Rd1 Nxa4 24. Rd2 Nb6 25.
Be5 Nc4 26. Bf6 Be7 27. Rxd8+ Kxd8 28. Re2 Bxf6 29. gxf6 Kd7 30. f3 Ke6 31. e4 dxe4 32. fxe4 Kxf6 33. Rf2+ Ke6 34. Re2 Ke5 35. Kd1 Bxe4 36.
Kc1 g5 37. Rf2 f5 38. Rh2 g4 39. Rh6 g3 40. Rxa6 f4 41. Ra7 f3 42. Re7+ Kf4 43.
Rd7 f2 44. Rd1 g2 45. Rd4 g1=Q+ 46. Rd1 Qxd1+ 47. Kxd1 f1=Q# 0-1

[Event "*** Titled Tuesday Blitz"]
[Site "Chess.com"]
[Date "2019.02.05"]
[Round "5"]
[White "Naruto-K"]
[Black "ShadyH9"]
[Result "0-1"]
[WhiteElo "2354"]
[BlackElo "2320"]
[TimeControl "180+2"]
[EndTime "14:06:49 PST"]
[Termination "ShadyH9 won by resignation"]

1. d4 Nf6 2. Bf4 b6 3. e3 Bb7 4. Nf3 g6 5. Be2 Bg7 6. O-O d6 7. h3 Nbd7 8. Bh2 O-O 9. a4 a5 10. Nc3 e6 11. Qd3 Qe7 12. e4 e5 13. dxe5 dxe5 14. Rfe1 Nc5 15. Qe3 Nfxe4 16. Nxe4 Bxe4 17. Bd3 Nxd3 18. cxd3 Bxf3 19. Qxf3 Rad8 20. Rac1 c5 21. Re4 Rd4 22. Rce1 Qd7 23. Bxe5 Bxe5 24. Rxe5 Rxd3 25. Qf6 Rd6 26. Qf3 Qxa4 27. Qb7 Qc6 28. Qa7 Rd7 29.
Qa6 Rd2 30. Qa7 Rxb2 31. Re7 Qf6 32. f3 Qd4+ 33. Kh1 Qf2 34. Rg1 c4 35. Qc7 b5 36.
Qf4 c3 37. h4 c2 38. h5 Rb1 39. Rc1 Rxc1+ 40. Qxc1 b4 41. h6 Qh4+ 42. Kg1 Qxe7 0-1

[Event "*** Titled Tuesday Blitz"]
[Site "Chess.com"]
[Date "2019.02.05"]
[Round "5"]
[White "NMJeevanK"]
[Black "Kostya_Nikologorskiy"]
[Result "1-0"]
[WhiteElo "2335"]
[BlackElo "2410"]
[TimeControl "180+2"]
[EndTime "14:06:50 PST"]
[Termination "NMJeevanK won by resignation"]

1. e4 c6 2. d4 d5 3. Nc3 dxe4 4.
Nxe4 Bf5 5. Ng3 Bg6 6. Nf3 Nd7 7. h4 h6 8. h5 Bh7 9. Bd3 Bxd3 10.
Qxd3 Qc7 11. Bd2 Ngf6 12. O-O-O e6 13. Kb1 Bd6 14. Ne4 Nxe4 15. Qxe4 Nf6 16. Qe2 O-O-O 17. Ne5 Bxe5 18. dxe5 Nd5 19. f4 Qb6 20. Rh3 Rd7 21. Rb3 Qd4 22. Rd3 Qc4 23. b3 Qa6 24. c4 Rhd8 25.
cxd5 Rxd5 26. Re3 Qb6 27. Rc3 a5 28. Rc2 a4 29. b4 a3 30. Qc4 Qf2 31. Kc1 Qxg2 32.
b5 c5 33. b6 f6 34. Qa4 fxe5 35. Qa8+ Kd7 36. Qxb7+ Ke8 37. Qc6+ Kf7 38. b7 Rxd2 39. Qc7+ R8d7 40. Qxd7+ Rxd7 41. Rxd7+ Kf6 42. Rxg2 1-0

[Event "*** Titled Tuesday Blitz"]
[Site "Chess.com"]
[Date "2019.02.05"]
[Round "5"]
[White "DanielMieles1985"]
[Black "Angry_Serb"]
[Result "1/2-1/2"]
[WhiteElo "2614"]
[BlackElo "2544"]
[TimeControl "180+2"]
[EndTime "14:06:52 PST"]
[Termination "Game drawn by agreement"]

1. d4 Nf6 2. c4 g6 3. Nc3 d5 4. Nf3 Bg7 5. Qb3 dxc4 6. Qxc4 O-O 7. e4 Be6 8. Qd3 c5 9. d5 Bg4 10. Be3 Nbd7 11. Qd2 Bxf3 12. gxf3 Ne5 13. Be2 c4 14. O-O Qc8 15. Kg2 Nh5 16. h3 f5 17. f4 Nd3 18.
Bxd3 cxd3 19. Qxd3 Bxc3 20. bxc3 fxe4 21. Qxe4 Qxc3 22. Qe6+ Rf7 23. Rac1 Qf6 24. Rc7 Qxf4 25. Bxf4 Nxf4+ 26. Kg3 Nxe6 27. dxe6 Rf6 28. Rxe7 Raf8 29. f4 b5 30. h4 a5 31. Kg4 b4 32. h5 gxh5+ 33.
Kxh5 Rxf4 34. Rxf4 Rxf4 35. Kh6 Kf8 36. Ra7 Rf6+ 37.
Kxh7 Rxe6 38. Rxa5 Ke7 39. a3 bxa3 40. Rxa3 Re1 41.
Ra7+ Kd6 42. Ra8 Rh1+ 43. Kg6 Rg1+ 1/2-1/2

[Event "*** Titled Tuesday Blitz"]
[Site "Chess.com"]
[Date "2019.02.05"]
[Round "5"]
[White "TheBigBoss04"]
[Black "saikrishnaReturns"]
[Result "1-0"]
[WhiteElo "2549"]
[BlackElo "2615"]
[TimeControl "180+2"]
[EndTime "14:06:54 PST"]
[Termination "TheBigBoss04 won by checkmate"]

1. b3 Nf6 2. Bb2 g6 3. g3 Bg7 4. Bg2 O-O 5. c4 d6 6. Nc3 e5 7. e3 Nc6 8. Nge2 Be6 9. O-O d5 10.
d3 Qd7 11. cxd5 Nxd5 12. Ne4 b6 13. Ng5 Rad8 14. Nxe6 Qxe6 15. a3 Nce7 16. b4 f5 17. Qc2 f4 18. exf4 exf4 19. Nd4 Bxd4 20. Bxd4 f3 21.
Rfe1 Qd7 22. Bf1 Nxb4 23. axb4 Qxd4 24. Rxe7 Qxa1 25. Qc4+ Kh8 26. Qh4 h5 27. Qg5 Qg7 28.
Rxg7 Kxg7 29. Qe7+ Kh6 30. Qxc7 a5 31. bxa5 bxa5 32.
Qxa5 Rb8 33. Qd2+ g5 34. h4 Rg8 35. Kh2 Rb2 36. Qxb2 gxh4 37. Qf6+ Rg6 38. Qh8+ Kg5 39.
gxh4+ Kxh4 40. Qd8+ Rg5 41. Qd4+ Rg4 42. Qf6+ Rg5 43.
Qxf3 Rg4 44. Qf6+ Rg5 45. f4 Kg4 46. fxg5 Kh4 47. g6+ Kg4 48. Bh3# 1-0

[Event "*** Titled Tuesday Blitz"]
[Site "Chess.com"]
[Date "2019.02.05"]
[Round "5"]
[White "justantan"]
[Black "josmito10"]
[Result "1-0"]
[WhiteElo "2716"]
[BlackElo "2735"]
[TimeControl "180+2"]
[EndTime "14:06:55 PST"]
[Termination "justantan won on time"]

1. e4 c5 2. Nf3 Nc6 3. Bb5 d6 4. O-O Bd7 5. Re1 Nf6 6. c3 a6 7. Bc4 b5 8. Bf1 Bg4 9. a4 b4 10. d4 cxd4 11. cxd4 e5 12. dxe5 dxe5 13. Qb3 Bc5 14.
Bg5 Qb6 15. Bh4 O-O 16. Nbd2 Be6 17. Nc4 Qa7 18. Qc2 Nd7 19. Rad1 Rac8 20. Nd6 Bxd6 21. Rxd6 Nd4 22. Qd1 Bb3 23. Qd3 Nc5 24. Qd2 Qc7 25.
Nxd4 exd4 26. Rxd4 a5 27. Bg3 Qb7 28. Bd6 Rfe8 29. Bb5 Rxe4 30. Bxc5 Rxe1+ 31. Qxe1 Be6 32. Bd6 Qb6 33. Rd1 Bb3 34. Rd2 Be6 35. h3 h6 36. Be5 b3 37. Bc3 Qc5 38. Rd3 Qh5 39. Rg3 g5 40. Qe5 Qd1+ 41. Kh2 Rxc3 42. Qxc3 Qd5 43. Qf6 1-0

[Event "*** Titled Tuesday Blitz"]
[Site "Chess.com"]
[Date "2019.02.05"]
[Round "5"]
[White "CalinGheorghiu"]
[Black "HrvojeZagreb"]
[Result "1-0"]
[WhiteElo "2248"]
[BlackElo "2111"]
[TimeControl "180+2"]
[EndTime "14:06:55 PST"]
[Termination "CalinGheorghiu won by checkmate"]

1. d4 e6 2. c4 f5 3. g3 Nf6 4.
Bg2 d5 5. Nf3 c6 6. O-O Bd6 7.
Nc3 O-O 8. Bf4 Bxf4 9. gxf4 b6 10. Ne5 Bb7 11. e3 Nbd7 12. b4 Ne4 13. Qc2 Nxe5 14.
fxe5 Nxc3 15. Qxc3 b5 16. cxb5 cxb5 17. f4 Rc8 18.
Qb2 Rc4 19. Rfc1 Qh4 20. a4 a6 21. axb5 axb5 22. Ra7 Bc6 23. Rxc4 Qe1+ 24. Bf1 dxc4 25.
Qf2 Qxb4 26. Qh4 h6 27. Rc7 Bd5 28. Kf2 Rf7 29. Qd8+ Kh7 30. Rxf7 Qd2+ 31. Be2 Bf3 32. Kxf3 Qe1 33. Qf6 Qh1+ 34. Kf2 Qxh2+ 35. Ke1 Qg3+ 36. Kd2 c3+ 37. Kd3 b4 38. Qxe6 Qh3 39. Qd7 Qh5 40.
Rxg7+ Kh8 41. Rh7+ Kg8 42. Qg7# 1-0

[Event "*** Titled Tuesday Blitz"]
[Site "Chess.com"]
[Date "2019.02.05"]
[Round "5"]
[White "Romn69"]
[Black "akhairat"]
[Result "1-0"]
[WhiteElo "2265"]
[BlackElo "2225"]
[TimeControl "180+2"]
[EndTime "14:07:08 PST"]
[Termination "Romn69 won on time"]

1. d4 g6 2. c4 Bg7 3. e4 d6 4.
Nc3 e6 5. Be3 Ne7 6. Be2 Nd7 7.
f3 a6 8. Qd2 h6 9. h4 e5 10. d5 a5 11. Nh3 b6 12. Nf2 Nc5 13. g4 Bd7 14. h5 g5 15. O-O-O f6 16. Kb1 a4 17. Nd3 O-O 18. Qc2 Qe8 19. b4 axb3 20.
axb3 Ra3 21. Nxc5 bxc5 22. Kb2 Ra7 23. Ra1 Qb8 24. Rxa7 Qxa7 25. Ra1 Qb7 26. Qb1 Rb8 27. Ra3 Nc8 28. Qa2 Nb6 29. Ra7 Qc8 30. Kc2 Ra8 31.
Rxa8 Qxa8 32. Qxa8+ Nxa8 33. Kb2 Kf8 34. Ka3 Ke8 35.
b4 cxb4+ 36. Kxb4 Kd8 37. c5 Bf8 38. c6 Bc8 39. Bc4 Be7 40. Nb5 Ba6 41. Ka5 Bc8 42. Na7 Bf8 43. Ba6 Bxa6 44. Kxa6 Be7 45. Kb7 1-0

[Event "*** Titled Tuesday Blitz"]
[Site "Chess.com"]
[Date "2019.02.05"]
[Round "5"]
[White "Korchmar_Vasiliy"]
[Black "kleinebeer98"]
[Result "0-1"]
[WhiteElo "2755"]
[BlackElo "2712"]
[TimeControl "180+2"]
[EndTime "14:07:10 PST"]
[Termination "kleinebeer98 won on time"]

1. d4 e6 2. c4 b6 3. e4 Bb7 4.
Bd3 Nc6 5. Ne2 g6 6. Nbc3 Bg7 7. Be3 Nge7 8. Qd2 d5 9. cxd5 exd5 10.
e5 f6 11. f4 Qd7 12. O-O O-O 13. Ng3 Nb4 14. Bc2 c5 15. Ba4 Bc6 16. Bb3 Rad8 17.
a3 Na6 18. Rad1 Kh8 19. Kh1 Nc7 20. dxc5 fxe5 21. fxe5 Ne6 22. Rxf8+ Bxf8 23. cxb6 axb6 24. Bxb6 Rb8 25. Qf2 Bg7 26. a4 d4 27. Bxe6 Qxe6 28. Bxd4 Rf8 29. Qe2 h5 30. Nge4 Rf4 31. a5 h4 32. h3 Nf5 33. Bf2 Bxe5 34. Ng5 Rxf2 35. Qxf2 Qe7 36. Nf3 Bf4 37. Re1 Qb4 38. Nxh4 Ng3+ 39.
Kg1 Kh7 40. Nf3 Bd6 41. Na4 Qxa4 42. Rc1 Bxf3 43. Qxf3 Qd4+ 0-1

[Event "*** Titled Tuesday Blitz"]
[Site "Chess.com"]
[Date "2019.02.05"]
[Round "5"]
[White "dusanacns"]
[Black "1e41-0"]
[Result "1-0"]
[WhiteElo "2606"]
[BlackElo "2540"]
[TimeControl "180+2"]
[EndTime "14:07:12 PST"]
[Termination "dusanacns won by resignation"]

1. e4 c5 2. Nf3 e6 3. Nc3 a6 4.
g3 b5 5. d3 Bb7 6. Bg2 Nf6 7.
O-O d5 8. exd5 Nxd5 9. Nxd5 Bxd5 10. Ng5 Nc6 11. a4 Bxg2 12. Kxg2 Be7 13. axb5 Ne5 14.
Rxa6 O-O 15. Nf3 Qd5 16. c4 Qb7 17. Rxa8 Rxa8 18. Qe2 Bf6 19. Bf4 Ng6 20. Qe4 Nxf4+ 21. gxf4 Qc8 22. Ne5 Bxe5 23. fxe5 Ra2 24. Rb1 Qd8 25.
Kh1 h5 26. Qe3 Qa8+ 27. Qe4 Qd8 28. Qf3 Qd4 29. Qe3 Qg4 30. Rg1 Qf5 31. Qe2 Qf4 32. b6 Ra6 33. Qe3 Qf5 34. b4 Rxb6 35. bxc5 Rb8 36.
d4 Rb2 37. c6 Rxf2 38. c7 Rf3 39. c8=Q+ Kh7 40. Qg5 Qxg5 41. Rxg5 1-0

[Event "*** Titled Tuesday Blitz"]
[Site "Chess.com"]
[Date "2019.02.05"]
[Round "5"]
[White "mjray79"]
[Black "Shivagami"]
[Result "0-1"]
[WhiteElo "2060"]
[BlackElo "2142"]
[TimeControl "180+2"]
[EndTime "14:07:17 PST"]
[Termination "Shivagami won on time"]

1. d4 d5 2. Nf3 Nf6 3. c4 c6 4. Nc3 dxc4 5. a4 Bf5 6. Ne5 Nbd7 7. Nxc4 Qc7 8. g3 e5 9. dxe5 Nxe5 10. Bf4 Nfd7 11. Bg2 f6 12. O-O g5 13. Bxe5 Nxe5 14. Ne3 Be6 15. Rc1 Qb6 16. Ne4 Rd8 17. Qc2 Be7 18.
Qc3 h6 19. a5 Qd4 20. Rfd1 Qxc3 21. bxc3 Kf7 22. f3 f5 23. Nf2 Bc5 24. Nc2 Bb3 25.
Kf1 Nc4 26. Rxd8 Rxd8 27. Ne1 Ne3+ 28. Kg1 Rd2 29. Ned3 Bd6 30. Re1 Nc2 31. Rb1 Bd5 32.
Rxb7+ Ke6 33. Rh7 Rxe2 34. Rxh6+ Kd7 35. Rh7+ Kc8 36. Rxa7 Kb8 37. Rd7 Ba3 38. a6 Ka8 39. Rd8+ Ka7 40. Rg8 Kxa6 41. Rxg5 Ne3 42. Rg7 Rc2 0-1

[Event "*** Titled Tuesday Blitz"]
[Site "Chess.com"]
[Date "2019.02.05"]
[Round "5"]
[White "BvsN"]
[Black "FrankieJay"]
[Result "1-0"]
[WhiteElo "2311"]
[BlackElo "2382"]
[TimeControl "180+2"]
[EndTime "14:07:18 PST"]
[Termination "BvsN won by resignation"]

1. d4 Nf6 2. c4 g6 3. Nc3 Bg7 4.
e4 O-O 5. Nge2 d6 6. f3 c5 7. d5 e6 8. Ng3 exd5 9. cxd5 h5 10. Bg5 Nbd7 11. Be2 Qb6 12. Qd2 Nh7 13. Bh6 Bxh6 14. Qxh6 Qxb2 15. Rc1 h4 16. Nf1 g5 17. Kd1 Ne5 18. Ne3 Ng6 19. Nf5 Bxf5 20. exf5 Nf4 21. f6 Nxf6 22. Qxf6 Nxe2 23. Qxg5+ Kh7 24. Qxh4+ Kg7 25.
Qg5+ Kh7 26. Nxe2 Rfe8 27. Re1 Re5 28. Qd2 Qa3 29. Nc3 Rae8 30. Rxe5 Rxe5 31. Kc2 b5 32.
Qd3+ Kg7 33. Qxb5 Re3 34. Kd2 c4 35. Qxc4 Re7 36. Qd3 Kf8 37. Rc2 Rc7 38. Ne4 Qb4+ 39. Ke2 Re7 40. Rc8+ Kg7 41. Kf2 Qb6+ 42. Kg3 f5 43. Qc3+ Re5 44. f4 fxe4 45. fxe5 Qg1 46. e6+ Kg6 47. Rg8+ Kf5 48. Rf8+ 1-0

[Event "*** Titled Tuesday Blitz"]
[Site "Chess.com"]
[Date "2019.02.05"]
[Round "5"]
[White "HanSchut"]
[Black "Tiqr777"]
[Result "0-1"]
[WhiteElo "2304"]
[BlackElo "2578"]
[TimeControl "180+2"]
[EndTime "14:07:18 PST"]
[Termination "Tiqr777 won by resignation"]

1. e4 e5 2. Nf3 Nc6 3. Bc4 Bc5 4. b4 Bxb4 5. c3 Bd6 6. d4 Nf6 7. O-O O-O 8. Re1 Qe7 9. Bg5 h6 10. Bh4 Re8 11. Nbd2 a6 12. a4 b6 13. Bd5 Rb8 14.
Bxc6 dxc6 15. dxe5 Bxe5 16. Nxe5 Qxe5 17. Nf3 Qh5 18.
Bxf6 gxf6 19. Qc2 c5 20. Re3 Bb7 21. Rae1 Kh8 22. Nd2 Rg8 23. Kh1 Rbd8 24. Nf1 Qg6 25. Rg3 Qh7 26. c4 Rd4 27. Rxg8+ Kxg8 28. Ng3 Qg6 29.
f3 Rd7 30. Nf5 Qg5 31. Rd1 Bc8 32. Ng3 Rxd1+ 33. Qxd1 Be6 34. Kg1 h5 35. Ne2 Qe3+ 36.
Kf1 Bxc4 37. Ke1 b5 38. axb5 axb5 39. Qd2 Qxd2+ 40. Kxd2 Bxe2 41. Kxe2 Kf8 42. Kd2 Ke7 43. f4 Ke6 44. g3 f5 45. e5 f6 46. exf6 Kxf6 47.
Kd3 Ke6 48. h3 Kd5 49. Ke3 b4 50. Kd2 c4 51. Ke3 c5 52. g4 fxg4 53. hxg4 hxg4 54. f5 Ke5 55. f6 Kxf6 0-1

[Event "*** Titled Tuesday Blitz"]
[Site "Chess.com"]
[Date "2019.02.05"]
[Round "5"]
[White "andy_rekt"]
[Black "Zarikovs1999"]
[Result "1-0"]
[WhiteElo "2156"]
[BlackElo "2295"]
[TimeControl "180+2"]
[EndTime "14:07:18 PST"]
[Termination "andy_rekt won by resignation"]

1. d4 Nf6 2. c4 c5 3. d5 b5 4. cxb5 a6 5. bxa6 g6 6. Nc3 Bg7 7. e4 O-O 8. Nf3 Qa5 9. Bd2 Bxa6 10. Bxa6 Qxa6 11. Qe2 e6 12. Qxa6 Nxa6 13. O-O Nb4 14. a3 Nd3 15. Rab1 Rfb8 16. dxe6 fxe6 17. Bg5 Rxb2 18.
Rbd1 c4 19. Nd2 Rc2 20. Nb5 d5 21. exd5 exd5 22. Nc7 Ra5 23. Rb1 h6 24. Rb8+ Kf7 25. Be3 d4 26. Bxd4 Rxd2 27. Bc3 Ra7 28. Nb5 Rd7 29.
Bxd2 Ne4 30. Be3 c3 31. f3 Nf6 32. Nxc3 Re7 33. Bd4 Nf4 34. Bxf6 Bxf6 35. Ne4 Bd4+ 36. Kh1 Be5 37. Rb5 Bd4 38. g3 Nd3 39. Rd1 Nf2+ 40. Nxf2 Bxf2 41. a4 Re3 42. Kg2 Be1 43. a5 Bc3 44. a6 Re2+ 45. Kh3 Ra2 46. Rb7+ Ke6 47.
a7 Be5 48. Rd8 1-0

[Event "*** Titled Tuesday Blitz"]
[Site "Chess.com"]
[Date "2019.02.05"]
[Round "5"]
[White "Kurai"]
[Black "wonderfultime"]
[Result "0-1"]
[WhiteElo "2480"]
[BlackElo "2874"]
[TimeControl "180+2"]
[EndTime "14:07:20 PST"]
[Termination "wonderfultime won by checkmate"]

1. e4 c5 2. Nf3 Nf6 3. e5 Nd5 4. Nc3 e6 5. Bc4 Nb6 6. Be2 Nc6 7. O-O d6 8. exd6 Bxd6 9. Nb5 O-O 10. d4 cxd4 11.
Nfxd4 Be5 12. Be3 Bd7 13. c4 Qe7 14. Nxc6 Bxc6 15. Nxa7 Rxa7 16. Bxb6 Ra6 17. c5 Ra4 18. Bf3 Qh4 19. g3 Qh3 20. Bxc6 Rh4 21. Re1 Qxh2+ 22. Kf1 Bxg3 23. Bg2 Rf4 24. c6 bxc6 25. Qd3 Bh4 26. Qh3 Qxh3 27. Bxh3 Rb8 28. Be3 Rf6 29. b3 h5 30. Bg2 g5 31. a4 Rxb3 32. a5 g4 33. a6 Rxe3 34. Rxe3 Bxf2 35. Re2 Ba7+ 36. Ke1 h4 37.
Ra3 h3 38. Bxh3 gxh3 39. Rxh3 Rf4 40. Ra2 Rb4 41. Rd3 Rb1+ 42. Ke2 Rh1 43. Kf3 Rh3+ 44. Ke4 f5+ 45. Ke5 Rxd3 46. Kxe6 f4 47. Rb2 f3 48. Ke5 f2 49. Ke4 f1=Q 50. Rb8+ Bxb8 51. a7 Qf3# 0-1